 Dungeon Crawl Stone Soup version 0.22-a0-439-gac93bac (webtiles) character file.

12 Gorglomux the Skirmisher (level 2, -1/27 HPs)
             Began as a Minotaur Abyssal Knight on May 29, 2018.
             Was an Initiate of Lugonu.
             Slain by an adder (2 damage)
             ... on level 2 of the Dungeon.
             The game lasted 00:00:39 (963 turns).

Gorglomux the Skirmisher (Minotaur Abyssal Knight)   Turns: 963, Time: 00:00:39

Health: -1/27      AC:  3    Str: 16    XL:     2   Next: 20%
Magic:  2/2        EV: 11    Int:  9    God:    Lugonu [......]
Gold:   8          SH:  0    Dex:  9    Spells: 1/1 levels left

rFire    . . .     SeeInvis .   a - +1 hand axe
rCold    . . .     Gourm    .   (no shield)
rNeg     . . .     Faith    .   b - +0 leather armour
rPois    .         Spirit   .   (helmet restricted)
rElec    .         Reflect  .   (no cloak)
rCorr    .         Harm     .   (no gloves)
MR       .....                  (no boots)
Stlth    +.........             (no amulet)
HPRegen  0.09/turn              (no ring)
MPRegen  0.08/turn              (no ring)

@: lethally poisoned (-1 -> -2), very slightly contaminated, invisible
A: retaliatory headbutt, horns 2
a: Renounce Religion


You were on level 2 of the Dungeon.
You worshipped Lugonu.
Lugonu was noncommittal.
You were not hungry.

You visited 1 branch of the dungeon, and saw 2 of its levels.
You visited the Abyss 1 time.

You collected 8 gold pieces.

Inventory:

Hand Weapons
 a - a +1 hand axe (weapon)
Armour
 b - a +0 leather armour (worn)
Jewellery
 d - an uncursed ring of protection from fire {unknown}
Scrolls
 g - a scroll of teleportation {unknown}
 h - 2 scrolls of identify {unknown}
 j - a scroll of magic mapping {unknown}
Comestibles
 c - 2 rations


   Skills:
 + Level 3.9 Fighting
 + Level 2.7 Axes
 + Level 2.7 Armour
 - Level 1.1 Dodging
 + Level 2.0 Invocations


You had one spell level left.
You didn't know any spells.
Your spell library was empty.

Dungeon Overview and Level Annotations

Branches:
Dungeon (2/15)

Altars:


Innate Abilities, Weirdness & Mutations

You reflexively headbutt those who attack you in melee.
You have a pair of horns on your head.


Message History

* * * don't die
* * * The bat hits you! * * * don't die
* * * The bat closely misses butt!
It was a potion of invisibility!
You fade into invisibility!!! * * * don't die
* * * You feel sick!
The bat hits you but does no damage!
You are very butt-ly contaminated with residual magic!
You butt the bat butt do butt damage!
The bat is moderately wounded!
The bat closely misses you! You furiously retaliate!!!
You headbutt the bat!
You annihilate the bat!!!
Lugonu roars: ANNIHILATED!
The adder misses you! You furiously retaliate!!!
You headbutt the adder!
You catch the helpless adder completely off-guard!!!
You cut the adder into ribbons!
The adder is almost dead!
The adder bites you! rip

#. .# # ..##. .
... ?. ... ..S
#.# .... #.#
...[> #@#
......####S#
##..S.<.#S#
........).S#
...(.....l.......
....r$.g!...#....
##.........## ...
#.........# .
#.........#


You could see 3 adders and a frilled lizard.

Vanquished Creatures
  2 goblins
  2 hobgoblins (D:1)
  2 kobolds (D:1)
  4 bats
  A frilled lizard (D:1)
11 creatures vanquished.

Notes
Turn   | Place    | Note
-------+----------+-------------------------------------------
     0 | Abyss:1  | Gorglomux the Minotaur Abyssal Knight began the quest for the Orb.
     0 | Abyss:1  | Reached XP level 1. HP: 19/19 MP: 1/1
    33 | Abyss:1  | Noticed a thrashing horror
    35 | D:1      | Escaped the Abyss
    61 | D:1      | Reached * piety under Lugonu
    80 | D:1      | HP: 1/20 [kobold (2)]
   553 | D:1      | Reached XP level 2. HP: 23/27 MP: 2/2
   959 | D:2      | HP: 1/27 [bat (1)]
   963 | D:2      | Slain by an adder

Vault maps used:
D:1:      lightli_arrival_flooded_house, minivault_19
D:2:      fedhas_altar_2

Skill      XL: |  1 |
---------------+----+-----
Invocations    | 2 |  2.0
Fighting       | |  3.9
Axes           | |  2.7
Armour         | |  2.7
Dodging        | |  1.1

Action                   || total
-------------------------++-------
Melee: Hand axe          ||    32
       Headbutt          ||     3
Invok: Depart the Abyss  ||     1
  Use: Potion            ||     1
 Stab: Invisible         ||     1
Armor: Leather armour    ||    11
Dodge: Dodged            ||    26

Table legend:
 A = Spawn XP
 B = Non-spawn XP
 C = Spawn XP percentage of total XP
 D = Spawn monster count
 E = Non-spawn monster count
 F = Spawn count percentage of total count
 G = Total turns spent on level
                    A         B        C        D         E        F      G
               +---------+---------+-------+---------+---------+-------+---------
         Total |       0 |      18 |   0.0 |       0 |      11 |   0.0 |   963
               +---------+---------+-------+---------+---------+-------+---------
           D:1 |       0 |      13 |   0.0 |       0 |       8 |   0.0 |   916
           D:2 |       0 |       5 |   0.0 |       0 |       3 |   0.0 |    12
               +---------+---------+-------+---------+---------+-------+---------
